 Dungeon Crawl Stone Soup version 0.29.1-1-gd02db6906a (webtiles) character file.

Game seed: 8357493731554122995

79 mortz the Digger (level 3, 0/26 HPs)
             Began as a Demigod Earth Elementalist on Oct 11, 2022.
             Slain by a kobold
             ... wielding a +0 short sword
              (3 damage)
             ... on level 2 of the Dungeon.
             The game lasted 00:10:00 (1673 turns).

mortz the Digger (Demigod Earth Elementalist)       Turns: 1673, Time: 00:10:02

Health: 0/26       AC:  7    Str: 15    XL:     3   Next: 95%
Magic:  3/10       EV: 12    Int: 21    God:
Gold:   96         SH:  0    Dex: 14    Spells: 5/8 levels left

rFire   . . .      SeeInvis .   n - +2 dagger (venom)
rCold   . . .      Faith    .   (no shield)
rNeg    . . .      Spirit   .   a - +0 robe
rPois   .          Reflect  .   (no helmet)
rElec   .          Harm     .   (no cloak)
rCorr   .          Rampage  .   d - +0 pair of gloves
Will    .....                   (no boots)
Stlth   ++........              (no amulet)
HPRegen 0.08/turn               e - +4 ring of protection
MPRegen 0.12/turn               h - +6 ring of strength

@: no status effects
A: high MP 1, forlorn, divine attributes
a: no special abilities


You were on level 2 of the Dungeon.
You visited 1 branch of the dungeon, and saw 2 of its levels.

You collected 96 gold pieces.

Inventory:

Hand Weapons
 g - a +0 dagger
 n - a +2 dagger of venom (weapon)
Missiles
 j - a throwing net
Armour
 a - a +0 robe (worn)
 d - a +0 pair of gloves (worn)
Jewellery
 e - a +4 ring of protection (left hand)
 h - a +6 ring of strength (right hand)
Scrolls
 c - a scroll of teleportation {unknown}
 i - 2 scrolls of butterflies {unknown}
 k - 2 scrolls of identify
Potions
 b - a potion of magic
 f - a potion of resistance
 m - a potion of berserk rage {unknown}
 o - 2 potions of might {unknown}


   Skills:
 + Level 2.0 Dodging
 + Level 2.0 Stealth
 + Level 3.1 Spellcasting
 + Level 0.8 Transmutations
 + Level 3.2 Earth Magic


You had 5 spell levels left.
You knew the following spells:

 Your Spells              Type           Power      Damage    Failure   Level
a - Sandblast             Erth           34%        2d9       3%          1
b - Passwall              Tmut/Erth      9%         N/A       9%          2

Your spell library contained the following spells:

 Spells                   Type           Power      Damage    Failure   Level
 Necrotise                Necr           12%        1d4       13%         1
 Stone Arrow              Conj/Erth      20%        3d8       21%         3
 Petrify                  Tmut/Erth      11%        N/A       50%         4


Dungeon Overview and Level Annotations

Branches:
Dungeon (2/15) Zot: 10295


Innate Abilities, Weirdness & Mutations

You have an increased reservoir of magic. (+10% MP)
You shall have no god before yourself.
Your divine heritage dramatically boosts your attributes as you level up.


Message History

Press: ? - help, Q - select action, (/) - cycle Shift-Dir - straight line, f - gnoll
Aim: a gnoll, wielding a +0 spear (84% to hit)
The blast of sand hits the gnoll!
The gnoll is severely wounded.
The gnoll hits you but does no damage.
Aiming: Sandblast (safe; 3% risk of failure)
Press: ? - help, Q - select action, (/) - cycle Shift-Dir - straight line, f/p - gnoll
Aim: a gnoll, wielding a +0 spear (severely wounded, 84% to hit)
The blast of sand hits the gnoll.
You kill the gnoll!
The gnoll hits you from afar with a +0 halberd.
* * * LOW HITPOINT WARNING * * *
Your Stealth skill increases to level 2!
Your Spellcasting skill increases to level 3!
You feel better.
The gnoll hits you from afar with a +0 halberd!
* * * LOW HITPOINT WARNING * * *
Aiming: Sandblast (safe; 3% risk of failure)
Press: ? - help, Q - select action, (/) - cycle Shift-Dir - straight line, f - gnoll
Aim: a gnoll, wielding a +0 halberd (heavily wounded, 84% to hit)
The blast of sand hits the gnoll.
The gnoll is almost dead.
The gnoll misses you.
Aiming: Sandblast (safe; 3% risk of failure)
Press: ? - help, Q - select action, (/) - cycle Shift-Dir - straight line, f/p - gnoll
Aim: a gnoll, wielding a +0 halberd (almost dead, 84% to hit)
The blast of sand hits the gnoll.
You kill the gnoll!
Aiming: Sandblast (safe; 3% risk of failure)
Press: ? - help, Q - select action, (/) - cycle Shift-Dir - straight line, f - kobold
Aim: a kobold, wielding a +0 short sword, wearing a +0 plate armour and quivering stones (84% to hit)
The blast of sand hits the kobold but does no damage.
The kobold hits you with a +0 short sword.
* * * LOW HITPOINT WARNING * * *
Aiming: Sandblast (safe; 3% risk of failure)
Press: ? - help, Q - select action, (/) - cycle Shift-Dir - straight line, f/p - kobold
Aim: a kobold, wielding a +0 short sword, wearing a +0 plate armour and quivering stones (84% to hit)
The blast of sand hits the kobold but does no damage.
The kobold hits you with a +0 short sword.
You die...

##.##.##.##.##.##
###...###...####
#.....#.....#.#####
+.....'.....'.....#
#.....#.....#.....# ♣#######
###...###...##.....# .#...#.##
##.##.##.##.##......#
.#...#..###...###...####......#
.#...#...+....)K@....+........#
##...#...##...###...###.....>.#
##.†.†..g.##.## ##.####.......#
#..).#.....#'# #'##.........#
g....#.g.....# #....##.<....#
.#...#.....### ##############
##...####### #####


You could see a kobold.

Vanquished Creatures
  3 gnolls (D:2)
  An adder (D:2)
  2 dart slugs (D:1)
  6 ball pythons
  3 bats (D:1)
  3 endoplasms
  A giant cockroach (D:1)
  5 goblins
  A hobgoblin (D:1)
  3 quokkas (D:2)
  A frilled lizard (D:1)
  4 kobolds
  6 rats
39 creatures vanquished.

Vanquished Creatures (others)
  63 plants (D:2)
63 creatures vanquished.

Grand Total: 102 creatures vanquished

Notes
Turn   | Place    | Note
-------+----------+-------------------------------------------
     0 | D:1      | mortz the Demigod Earth Elementalist began the quest for
                  | the Orb.
     0 | D:1      | Reached XP level 1. HP: 14/14 MP: 5/5
    24 | D:1      | You fall into a shaft and drop 1 floor!
   329 | D:1      | Got Plato's Papyrus of the Grave
   505 | D:1      | Reached XP level 2. HP: 20/20 MP: 5/7
  1152 | D:1      | Reached XP level 3. HP: 26/26 MP: 5/9
  1155 | D:1      | Learned a level 2 spell: Passwall
  1673 | D:2      | Slain by a kobold

Illustrated notes

Levels and vault maps discovered:
D:1:      lightli_arrival_boilingwater, layout_basic,
          shapermc_ecumenical_altar_rom_forum
D:2:      wad_woods_stonehenge, layout_basic, nicolae_hexahallways, uniq_terence

Skill      XL: |  1  2  3 |
---------------+----------+-----
Dodging        | 2 |  2.0
Spellcasting   | 2 3 |  3.1
Earth Magic    | 3 |  3.2
Stealth        | 2 |  2.0
Transmutations | |  0.8

Action                   || total
-------------------------++-------
Melee: Dagger            ||     1
 Cast: Sandblast         ||    58
  Use: Scroll            ||     4
       Potion            ||     1
 Stab: Sleeping          ||     1
Armor: Robe              ||     6
Dodge: Dodged            ||    17
